 Dungeon Crawl Stone Soup version 0.23.2-1-ga50397a (webtiles) character file.

Game seed: 819955766307324267

142 MalarOregon the Poker (level 5, 0/42 HPs)
             Began as a Merfolk Gladiator on May 14, 2019.
             Slain by Natasha (9 damage)
             ... on level 2 of the Dungeon.
             The game lasted 00:01:43 (1228 turns).

MalarOregon the Poker (Merfolk Gladiator)           Turns: 1228, Time: 00:01:43

Health: 0/42       AC:  4    Str: 16    XL:     5   Next: 25%
Magic:  5/5        EV: 15    Int:  7    God:
Gold:   89         SH:  0    Dex: 15    Spells: 4/4 levels left

rFire    . . .     SeeInvis .   a - +0 trident
rCold    . . .     Gourm    .   (no shield)
rNeg     . . .     Faith    .   b - +0 leather armour
rPois    .         Spirit   .   c - +0 helmet
rElec    .         Reflect  .   (no cloak)
rCorr    .         Harm     .   (no gloves)
MR       .....                  (no boots)
Stlth    +.........             (no amulet)
HPRegen  0.14/turn              (no ring)
MPRegen  0.09/turn              (no ring)

@: no status effects
A: change form in water, swift swim, stealthy swim
a: no special abilities


You were on level 2 of the Dungeon.
You were not hungry.

You visited 1 branch of the dungeon, and saw 2 of its levels.

You collected 89 gold pieces.

Inventory:

Hand Weapons
 a - a +0 trident (weapon)
Missiles
 d - 3 throwing nets (quivered) {!f}
Armour
 b - a +0 leather armour (worn)
 c - a +0 helmet (worn)
Wands
 o - a wand of clouds (4)
   (You found it on level 2 of the Dungeon)
Scrolls
 h - 2 scrolls of enchant weapon {unknown}
 i - 2 scrolls of identify {unknown}
 m - a scroll of teleportation {unknown}
 n - a scroll of fear {unknown}
 r - a scroll of remove curse {unknown}
 s - a scroll of enchant armour {unknown}
 t - a scroll of noise {unknown}
Potions
 g - 2 potions of agility {unknown}
 j - 2 potions of berserk rage {unknown}
 k - a potion of heal wounds {unknown}
 l - 2 potions of resistance {unknown}
 p - a potion of invisibility {unknown}
 q - 2 potions of degeneration {unknown}
 u - a potion of flight {unknown}
Comestibles
 e - 9 rations {!d}
 f - 2 chunks of flesh


   Skills:
 + Level 3.7 Fighting
 + Level 6.0 Polearms
 - Level 2.0 Throwing
 + Level 5.4 Dodging


You had 4 spell levels left.
You didn't know any spells.
Your spell library was empty.

Dungeon Overview and Level Annotations

Branches:
Dungeon (2/15)

Altars:
Kikubaaqudgha

Annotations:
D:2 Natasha


Message History

Done exploring.
No target in view!
Done exploring.
No target in view!
Done exploring.
Done exploring.
There is a stone staircase leading up here.
Some of the chunks of flesh in your inventory have rotted away.
There is a stone staircase leading down here.
Some of the chunks of flesh in your inventory have rotted away.
There is a stone staircase leading down here.
A stone staircase leading down.
There is a stone staircase leading up here.
There is a stone staircase leading up here.
Level map cleared.
You see here a leather armour.
Natasha, Servant of Life and Death comes into view.
Natasha hisses angrily.
Natasha howls an incantation.
You feel troubled. Natasha casts a spell at you. You resist with some effort.
Natasha hisses.
Attack whom?
Aim: Natasha You reach to attack!
You barely miss Natasha. You closely miss Natasha.
Natasha stares at you and mumbles some strange words.
You resist with some effort.
You hit Natasha. Natasha claws you!
You miss Natasha.
Natasha casts a spell.
You closely miss Natasha. Natasha claws you.
You closely miss Natasha. Natasha barely misses you.
You closely miss Natasha. Natasha barely misses you.
You hit Natasha but do no damage. Natasha barely misses you.
You closely miss Natasha. Natasha closely misses you.
You hit Natasha. Natasha claws you.
You hit Natasha but do no damage. Natasha claws you.
* * * LOW HITPOINT WARNING * * *
You hit Natasha but do no damage. Natasha claws you.
* * * LOW HITPOINT WARNING * * *
You hit Natasha. Natasha claws you!
* * * LOW HITPOINT WARNING * * *
You barely miss Natasha. Natasha closely misses you.
You barely miss Natasha. Natasha misses you.
You hit Natasha. Natasha claws you.
* * * LOW HITPOINT WARNING * * *
You closely miss Natasha. Natasha claws you!
You die...

⌠,*...#*#.)..<.......#,,,,,,,,,,,
,*,#.#.##....#....#.#*,,,,,,,,,,,
*,⌠,#.⌠.#.........#,*,,,,,,,,,,,,
,*,#,#..'.....###...#..,,,***+**,
⌠,*.⌠.#.'....###......,.,,*⌠⌠,⌠*,
,*,*,#..'....# #.#,..#.,,,+,⌠,⌠*,
*,⌠,#.⌠.#....# #5##.....,,*⌠,⌠,',
,*,*.#.##....# #h#..##..,,*⌠,⌠⌠*,
⌠,*,,,**#....###@#.##...,,**'***,
,****** #.####.....#..#.,,,,,,,,,
** ##...............,,,,,**,,
#...####.........,,,,,***,
#..####..........,,*,,,*,,
##..##...#........*,,**,,,,
#####..###..##........**,***,,,
#..........###........**,,,,,,,
###..........# #........**,,,,,,,


You could see Natasha and a crimson imp.

Vanquished Creatures
  A vampire bat (D:2)
  Natasha (twice) (D:2)
  2 adders (D:2)
  A dart slug (D:1)
  2 bat skeletons (D:2)
  4 bat zombies (D:2)
  5 giant cockroaches
  3 hobgoblins
  A ball python (D:2)
  4 bats
  2 frilled lizards
  3 goblins (D:1)
  A kobold (D:1)
  5 rats
36 creatures vanquished.

Notes
Turn   | Place    | Note
-------+----------+-------------------------------------------
     0 | D:1      | MalarOregon the Merfolk Gladiator began the quest for the
                  | Orb.
     0 | D:1      | Reached XP level 1. HP: 16/16 MP: 1/1
    62 | D:1      | Reached XP level 2. HP: 13/23 MP: 2/2
   651 | D:2      | Reached skill level 5 in Polearms
   651 | D:2      | Reached XP level 3. HP: 23/28 MP: 3/3
   882 | D:2      | Noticed Natasha
   894 | D:2      | Killed Natasha
   894 | D:2      | Reached skill level 5 in Dodging
   894 | D:2      | Reached XP level 4. HP: 24/35 MP: 4/4
   970 | D:2      | Found an ancient bone altar of Kikubaaqudgha.
   978 | D:2      | Reached XP level 5. HP: 32/41 MP: 5/5
  1010 | D:2      | Noticed Natasha
  1026 | D:2      | Killed Natasha
  1026 | D:2      | Reached skill level 6 in Polearms
  1209 | D:2      | Noticed Natasha
  1228 | D:2      | Slain by Natasha

Skill      XL: |  1  2  3  4  5 |
---------------+----------------+-----
Polearms       | 5 6 |  6.0
Fighting       | 3 |  3.7
Dodging        | 5 |  5.4
Throwing       | |  2.0

Action                   |  1- 3 |  4- 6 || total
-------------------------+-------+-------++-------
Melee: Trident           |   114 |    48 ||   162
 Stab: Sleeping          |     2 |     1 ||     3
  Eat: Chunk             |       |     1 ||     1
Armor: Leather armour    |    28 |     7 ||    35
Dodge: Dodged            |    78 |    34 ||   112
